[Event "*** Titled Tuesday Blitz"]
[Site "Chess.com"]
[Date "2020.04.14"]
[Round "6"]
[White "Beca95"]
[Black "SketchyMoves"]
[Result "1-0"]
[WhiteElo "2890"]
[BlackElo "2644"]
[TimeControl "180+1"]
[EndTime "11:03:25 PDT"]
[Termination "Beca95 won by checkmate"]

1. d4 e6 2. Nf3 Nf6 3. Bg5 Be7 4. c3 b6 5. Nbd2 O-O 6. e4 Ba6 7. Bxa6 Nxa6 8. Qe2 Nb8 9. h4 c5 10. dxc5 bxc5 11. Bxf6 Bxf6 12. e5 Be7 13. Nc4 Nc6 14.
Rd1 Qc7 15. h5 Rfd8 16. h6 g6 17. O-O d5 18. exd6 Bxd6 19. Nxd6 Rxd6 20. Rxd6 Qxd6 21.
Rd1 Qf8 22. Qe3 Rc8 23. Rd7 Ne7 24. Rxa7 Nf5 25. Qf4 Nxh6 26. g4 Rd8 27. Kg2 Rb8 28.
b3 Rd8 29. Ne5 Qd6 30. Rxf7 Nxf7 31. Qxf7+ Kh8 32. Qf6+ Kg8 33. Nf7 Qd5+ 34. Kg3 Qd3+ 35. f3 Rd5 36. Nh6# 1-0

[Event "*** Titled Tuesday Blitz"]
[Site "Chess.com"]
[Date "2020.04.14"]
[Round "6"]
[White "CMS13"]
[Black "willc-h99"]
[Result "0-1"]
[WhiteElo "2121"]
[BlackElo "2305"]
[TimeControl "180+1"]
[EndTime "11:03:25 PDT"]
[Termination "willc-h99 won by resignation"]

1. e4 d5 2. exd5 Qxd5 3. Nc3 Qd6 4. d4 Nf6 5. Nf3 c6 6. Bc4 Bg4 7. Be3 e6 8. h3 Bh5 9. g4 Bg6 10. Ne5 Nbd7 11. Nxg6 hxg6 12. Qe2 b5 13. Bb3 a5 14.
a4 b4 15. Na2 Nd5 16. c3 bxc3 17. Nxc3 Rb8 18. Bxd5 cxd5 19. Nb5 Qb4+ 20. Kf1 Qc4 21.
Qxc4 dxc4 22. Bd2 Bb4 23. Bxb4 axb4 24. Nd6+ Ke7 25. Nxc4 Rhc8 26. b3 Nb6 27. Rc1 Nxc4 28. Rxc4 Rxc4 29. bxc4 b3 30. Ke2 Rb4 31. Kd3 Rxa4 32.
Rb1 Ra2 33. Rxb3 Rxf2 34. Rb7+ Kd6 35. Ke4 g5 36. Rb6+ Kc7 37. Rb5 f6 38. Ra5 g6 39.
Ra6 Kd7 40. c5 Rh2 41. Ra7+ Kc6 42. Ra6+ Kd7 43. Ra3 f5+ 44. gxf5 gxf5+ 45. Ke5 f4 46. Ra7+ Kc6 47. Kxe6 Rxh3 48. Ra6+ Kc7 49. d5 Rh6+ 50. Kf5 Rxa6 51. Kxg5 f3 52. d6+ Rxd6 53. cxd6+ Kxd6 54. Kf4 f2 0-1

[Event "*** Titled Tuesday Blitz"]
[Site "Chess.com"]
[Date "2020.04.14"]
[Round "6"]
[White "dusanacns"]
[Black "Jospem"]
[Result "0-1"]
[WhiteElo "2783"]
[BlackElo "2899"]
[TimeControl "180+1"]
[EndTime "11:03:26 PDT"]
[Termination "Jospem won on time"]

1. e4 c5 2. Nf3 d6 3. d4 cxd4 4. Nxd4 Nf6 5. Nc3 a6 6. a3 e6 7. f4 Nc6 8. Be3 Bd7 9. Qf3 h5 10. h3 Rc8 11. Be2 Be7 12. g4 e5 13. Nf5 Bxf5 14.
exf5 Nd4 15. Bxd4 exd4 16. Ne4 Rxc2 17. Nxf6+ gxf6 18. Qxb7 hxg4 19. hxg4 Rxh1+ 20. Qxh1 Qb6 21. Qa8+ Kd7 22. Qxa6 Qxa6 23. Bxa6 Rxb2 24. a4 d5 25. a5 Bb4+ 26. Kf1 Kc7 27. Be2 Kb8 28. a6 Ka7 29.
Rc1 Bc3 30. Rd1 Bd2 31. g5 fxg5 32. fxg5 d3 33. Bxd3 Bxg5 34. Be2 Bd2 0-1

[Event "*** Titled Tuesday Blitz"]
[Site "Chess.com"]
[Date "2020.04.14"]
[Round "6"]
[White "atbenina64"]
[Black "goldenspine"]
[Result "1-0"]
[WhiteElo "2518"]
[BlackElo "2320"]
[TimeControl "180+1"]
[EndTime "11:03:26 PDT"]
[Termination "atbenina64 won by resignation"]

1. d4 Nf6 2. c4 e6 3. Nc3 Bb4 4. f3 d5 5. a3 Bxc3+ 6. bxc3 O-O 7. e3 c5 8. cxd5 exd5 9. Bd3 Re8 10. Ne2 Nc6 11.
O-O c4 12. Bc2 Ne7 13. Ng3 Be6 14. e4 b5 15. e5 Nd7 16. f4 f5 17. exf6 Nxf6 18.
f5 Bf7 19. Bg5 Qd6 20. Bf4 Qd7 21. Be5 Nc6 22. Bxf6 gxf6 23. Nh5 Bxh5 24. Qxh5 Re3 25. Rf3 Rae8 26. Qh6 Rxf3 27. gxf3 Qg7+ 28. Qxg7+ Kxg7 29. Kf2 Kf7 30. Rb1 a6 31. f4 Rb8 32. Bd1 Ne7 33. Bf3 Rd8 34. Bg4 Nc8 35. Re1 Nd6 36.
Re6 Ne4+ 37. Kf3 Rd6 38. Bh5+ Kg7 39. Re7+ Kh6 40. Bf7 Nxc3 41. Bg8 1-0

[Event "*** Titled Tuesday Blitz"]
[Site "Chess.com"]
[Date "2020.04.14"]
[Round "6"]
[White "RojonR"]
[Black "H3nriqueTV"]
[Result "1-0"]
[WhiteElo "2396"]
[BlackElo "2225"]
[TimeControl "180+1"]
[EndTime "11:03:26 PDT"]
[Termination "RojonR won by resignation"]

1. e4 c5 2. Nf3 b6 3. d4 cxd4 4. Nxd4 Bb7 5. Bd3 a6 6. c4 e6 7. O-O Qc7 8. Nc3 Nf6 9. Be3 d6 10. Rc1 Be7 11. b3 O-O 12. f4 Nbd7 13. Qf3 Rfc8 14. Bb1 Nc5 15. g4 Nfd7 16. g5 g6 17. h4 e5 18. Nde2 Ne6 19. Nd5 Qd8 20. f5 Bxd5 21.
cxd5 Nec5 22. fxg6 fxg6 23. Qf7+ Kh8 24. b4 Na4 25.
Bd3 Rxc1 26. Bxc1 Rc8 27. Bxa6 Rc2 28. Bb5 Nc3 29. Nxc3 Rxc3 30. Qe6 Nf8 31. Qf7 Nd7 32. h5 Nf8 33. h6 Rg3+ 34. Kh2 Rh3+ 35. Kxh3 Qc8+ 36.
Kh4 1-0

[Event "*** Titled Tuesday Blitz"]
[Site "Chess.com"]
[Date "2020.04.14"]
[Round "6"]
[White "AlexandraSamaganova"]
[Black "AlexandraBotez"]
[Result "0-1"]
[WhiteElo "2145"]
[BlackElo "1972"]
[TimeControl "180+1"]
[EndTime "11:03:26 PDT"]
[Termination "AlexandraBotez won by checkmate"]

1. c4 e5 2. Nc3 Nc6 3. g3 Nf6 4.
Bg2 d6 5. e3 Be6 6. Nd5 Qd7 7. h3 a5 8. a3 Bxd5 9. cxd5 Ne7 10.
Qb3 b6 11. Ne2 g6 12. d4 a4 13. Qc4 b5 14. Qa2 Rb8 15. e4 Bg7 16. O-O O-O 17. dxe5 dxe5 18. Be3 Ne8 19. b3 Nd6 20. Bc5 Rfc8 21.
Rfc1 f5 22. exf5 Qxf5 23. Rab1 e4 24. bxa4 bxa4 25. Nf4 Be5 26. Ne6 h5 27. Rxb8 Rxb8 28.
Nxc7 Rb2 29. Qa1 Nb7 30. Bxe7 Qxf2+ 31. Kh1 Qxg2# 0-1

[Event "*** Titled Tuesday Blitz"]
[Site "Chess.com"]
[Date "2020.04.14"]
[Round "6"]
[White "LittlePeasant"]
[Black "124chess"]
[Result "1-0"]
[WhiteElo "2826"]
[BlackElo "2631"]
[TimeControl "180+1"]
[EndTime "11:03:27 PDT"]
[Termination "LittlePeasant won by resignation"]

1. d4 g6 2. Nf3 Bg7 3. g3 c5 4. Bg2 cxd4 5. Nxd4 Nc6 6. e3 Nf6 7. O-O O-O 8. c4 d5 9. cxd5 Nxd5 10. Nc3 Nxc3 11.
bxc3 Na5 12. Ba3 Nc4 13. Qa4 Nxa3 14. Qxa3 Qc7 15. Rab1 a6 16. Rb3 Rb8 17. Rfb1 Bf6 18. Nc6 Ra8 19. Na5 Be6 20. Rxb7 Qxc3 21. Qxc3 Bxc3 22.
Nc6 Bxa2 23. Nxe7+ Kh8 24. Rc1 Bg7 25. Rbc7 Rab8 26. Ra7 Rb6 27. Bd5 Bxd5 28. Nxd5 Rd6 29. e4 Bd4 30. Rb7 a5 31. Rc4 Bg7 32. Ra7 Rfd8 33. Rxf7 Kg8 34. Ra7 Ra8 35. Rxa8+ 1-0

[Event "*** Titled Tuesday Blitz"]
[Site "Chess.com"]
[Date "2020.04.14"]
[Round "6"]
[White "sganerdene"]
[Black "eCztery"]
[Result "0-1"]
[WhiteElo "2665"]
[BlackElo "2422"]
[TimeControl "180+1"]
[EndTime "11:03:27 PDT"]
[Termination "eCztery won on time"]

1. e4 c5 2. Nf3 Nc6 3. d4 cxd4 4.
Nxd4 g6 5. c4 Nf6 6. Nc3 Nxd4 7.
Qxd4 d6 8. Be2 Bg7 9. O-O O-O 10. Qd3 a5 11. Be3 a4 12. Rac1 Qa5 13. Bd4 Be6 14.
Nd5 Bxd5 15. cxd5 Rac8 16. Bc3 Qa7 17. Bd4 Qa5 18. Bc3 Qa7 19. h3 a3 20. b3 Nxe4 21.
Qxe4 Bxc3 22. Qxe7 Rce8 23. Qxd6 Bd2 24. Bb5 Rd8 25.
Qc5 b6 26. Qc7 Qa5 27. Bc6 Bxc1 28. Rxc1 Qd2 29. Rf1 Qxa2 30. Qxb6 Qb2 31. b4 Rb8 32. Qa5 Qxb4 33. Qxb4 Rxb4 34. Ra1 Rb3 35. f3 Rfb8 36. Kh2 Kf8 37. d6 Rc3 0-1

[Event "*** Titled Tuesday Blitz"]
[Site "Chess.com"]
[Date "2020.04.14"]
[Round "6"]
[White "mirochka"]
[Black "Fy_Rakotomaharo"]
[Result "0-1"]
[WhiteElo "2197"]
[BlackElo "2541"]
[TimeControl "180+1"]
[EndTime "11:03:27 PDT"]
[Termination "Fy_Rakotomaharo won on time"]

1. e4 e5 2. Nf3 Nc6 3. d4 exd4 4. c3 d5 5. exd5 Qxd5 6. cxd4 Bb4+ 7. Nc3 Nge7 8. Be2 O-O 9. O-O Bxc3 10. bxc3 Bf5 11.
Bf4 Qd7 12. Bb5 f6 13. Re1 Nd5 14. Bc4 Kh8 15. Bxd5 Qxd5 16. Bxc7 Rac8 17. Bg3 Na5 18. Re3 Nc4 19. Re7 Nb6 20. Qb3 Be4 21. Qxd5 Bxd5 22.
Rc7 Bxf3 23. gxf3 Rxc7 24. Bxc7 Nd5 25. Ba5 Rc8 26. Re1 Kg8 27. Bb4 b6 28. Kf1 a5 29.
Bd6 Rxc3 30. Re8+ Kf7 31. Rb8 Rxf3 0-1

[Event "*** Titled Tuesday Blitz"]
[Site "Chess.com"]
[Date "2020.04.14"]
[Round "6"]
[White "abhidabhi"]
[Black "1g41-0"]
[Result "1-0"]
[WhiteElo "2753"]
[BlackElo "2503"]
[TimeControl "180+1"]
[EndTime "11:03:28 PDT"]
[Termination "abhidabhi won on time"]

1. e4 c5 2. Nc3 Nc6 3. Bb5 Nd4 4.
Nf3 e6 5. O-O a6 6. Bd3 Ne7 7. b3 Nec6 8. Bb2 Be7 9. Nxd4 Nxd4 10. Ne2 Nxe2+ 11. Qxe2 O-O 12. e5 d6 13. exd6 Bxd6 14.
f4 Rb8 15. Bxh7+ Kxh7 16. Qh5+ Kg8 17. Bxg7 Kxg7 18. Qg4+ Kh7 19. Rf3 Bxf4 20. Rxf4 f5 21. Qg3 Rf6 22. Raf1 Rh6 23. c3 Qg8 24. Qe3 Qg7 25. R1f3 e5 26. Rc4 f4 27. Qe4+ Rg6 28. Rxc5 Bg4 29. Rf2 Re8 30. d4 f3 31. dxe5 fxg2 32.
Rxg2 Bf5 33. Qxf5 1-0

[Event "*** Titled Tuesday Blitz"]
[Site "Chess.com"]
[Date "2020.04.14"]
[Round "6"]
[White "ehrenfeld"]
[Black "EugeneRougon"]
[Result "0-1"]
[WhiteElo "2476"]
[BlackElo "2696"]
[TimeControl "180+1"]
[EndTime "11:03:28 PDT"]
[Termination "EugeneRougon won on time"]

1. e4 d6 2. d4 Nf6 3. Nc3 g6 4. Be3 a6 5. Qd2 b5 6. f3 Nbd7 7. h4 h5 8. Nh3 Bg7 9. Ng5 Bb7 10.
O-O-O c5 11. dxc5 dxc5 12. e5 Nxe5 13. Qxd8+ Rxd8 14. Rxd8+ Kxd8 15. Bf4 Nfd7 16. Be2 Ke8 17. Rd1 Nb6 18. a4 bxa4 19. Kb1 e6 20. Be3 Ned7 21. Nge4 Nd5 22. Nd6+ Ke7 23. Nxb7 Nxe3 24. Rd3 Nxg2 25. Nxa4 Nf4 26. Rd2 Rc8 27. Bxa6 Rc7 28. c3 Bf6 29. Na5 Bxh4 30. Bb5 Ne5 0-1

[Event "*** Titled Tuesday Blitz"]
[Site "Chess.com"]
[Date "2020.04.14"]
[Round "6"]
[White "Valuebet2000"]
[Black "kirillshevchenko"]
[Result "0-1"]
[WhiteElo "2552"]
[BlackElo "2853"]
[TimeControl "180+1"]
[EndTime "11:03:28 PDT"]
[Termination "kirillshevchenko won by resignation"]

1. d4 Nf6 2. c4 g6 3. Nc3 d5 4. cxd5 Nxd5 5. Bd2 Bg7 6. e4 Nxc3 7. Bxc3 O-O 8. Nf3 b6 9. Bd3 Bb7 10. Qe2 e6 11. O-O Nd7 12. Rfd1 Qe7 13. Rac1 Rac8 14.
Ba6 Bxa6 15. Qxa6 c5 16. d5 exd5 17. Bxg7 Kxg7 18. exd5 Nb8 19. Qa3 Rfd8 20. Re1 Qf6 21. Qxa7 Rxd5 22. b3 Rd7 23. Qa8 Rcd8 24. Qe4 Nc6 25. h3 Nb4 26. Re2 Nd3 27. Rb1 Nf4 28. Ree1 Rd3 29. Re3 Rxe3 30. Qxe3 Rd3 31. Qe4 Nxh3+ 32.
gxh3 Rxf3 33. Rf1 Rxh3 34. Kg2 Rh4 35. Qe3 Rg4+ 36. Kh2 Qf5 37. Qc3+ Kg8 38. Qe3 Qh5+ 0-1

[Event "*** Titled Tuesday Blitz"]
[Site "Chess.com"]
[Date "2020.04.14"]
[Round "6"]
[White "talaicito"]
[Black "Efremov_Vlad"]
[Result "0-1"]
[WhiteElo "2286"]
[BlackElo "2155"]
[TimeControl "180+1"]
[EndTime "11:03:28 PDT"]
[Termination "Efremov_Vlad won on time"]

1. d4 d5 2. Nc3 Nf6 3. Bf4 c5 4. e3 cxd4 5. Nb5 Qa5+ 6. c3 dxc3 7. bxc3 Na6 8. Nf3 Bd7 9. Qb3 Rc8 10. Ne5 Nc5 11.
Qb4 Qxb4 12. cxb4 Ne6 13. Nxa7 Ra8 14. Nb5 g5 15. Bxg5 Bg7 16. Rc1 O-O 17. Bxf6 Bxb5 18.
Bxg7 Kxg7 19. Bxb5 Rxa2 20. O-O Rfa8 21. Bd3 Rd2 22.
Rfd1 Raa2 23. Rxd2 Rxd2 24. Bf1 f6 25. Nf3 Ra2 26.
b5 Rb2 27. Rd1 Nc7 28. Nd4 e6 29. f4 Kf7 30. h3 h5 31. Be2 e5 32. Bxh5+ Ke7 0-1

[Event "*** Titled Tuesday Blitz"]
[Site "Chess.com"]
[Date "2020.04.14"]
[Round "6"]
[White "MalcolmPein"]
[Black "MokshAD1603"]
[Result "0-1"]
[WhiteElo "2161"]
[BlackElo "2333"]
[TimeControl "180+1"]
[EndTime "11:03:29 PDT"]
[Termination "MokshAD1603 won by resignation"]

1. d4 Nf6 2. c4 e6 3. Nc3 Bb4 4. e3 O-O 5. Bd3 d5 6. cxd5 exd5 7. Ne2 Re8 8. O-O Bd6 9. f3 c6 10. Qe1 Nbd7 11. Qf2 b5 12. a3 a5 13. Kh1 Bb7 14.
e4 b4 15. Nd1 dxe4 16. fxe4 Nxe4 17. Qxf7+ Kh8 18. Bf4 Rf8 19. Qe6 Re8 20. Qh3 Ndf6 21. axb4 Bxf4 22. Nxf4 Qxd4 23. bxa5 Nd2 24. Ne6 Rxe6 25.
Qxe6 Qxd3 26. Rxf6 gxf6 27. Qxf6+ Kg8 28. Ra3 Re8 29. Ne3 Qb1+ 30. Nf1 Qxf1+ 31. Qxf1 Nxf1 32. a6 Ba8 33. Kg1 Ne3 34. Kf2 Nd5 35. a7 Kf7 0-1

[Event "*** Titled Tuesday Blitz"]
[Site "Chess.com"]
[Date "2020.04.14"]
[Round "6"]
[White "Renegade_Hitman"]
[Black "kreonx"]
[Result "0-1"]
[WhiteElo "1922"]
[BlackElo "2238"]
[TimeControl "180+1"]
[EndTime "11:03:29 PDT"]
[Termination "kreonx won on time"]

1. e4 c6 2. d4 d5 3. Nc3 g6 4.
Nf3 Bg7 5. Be2 Bg4 6. e5 e6 7. O-O Ne7 8. h3 Bxf3 9. Bxf3 O-O 10. Bg5 Nd7 11. Qd2 Re8 12. a4 a6 13. a5 Rc8 14.
Na4 c5 15. Nxc5 Nxc5 16. dxc5 Bxe5 17. Qb4 Qc7 18. c3 Nc6 19. Qb6 Nb8 20. Ra3 Qxc5 21. Qxb7 Rc7 22. Qb3 Nc6 23. Be3 d4 24. Bxc6 Rxc6 25.
Bxd4 Bxd4 26. cxd4 Qxd4 27. Rd1 Qa7 28. Qe3 Qb7 29. Rb3 Qc7 30. Rb6 Rb8 0-1

[Event "*** Titled Tuesday Blitz"]
[Site "Chess.com"]
[Date "2020.04.14"]
[Round "6"]
[White "GM-2023"]
[Black "ferdipy"]
[Result "1-0"]
[WhiteElo "2080"]
[BlackElo "2186"]
[TimeControl "180+1"]
[EndTime "11:03:29 PDT"]
[Termination "GM-2023 won by checkmate"]

1. e4 e6 2. d4 d5 3. Nc3 Bb4 4. e5 c5 5. a3 Bxc3+ 6. bxc3 Ne7 7. Qg4 Qc7 8. Bd3 cxd4 9. Ne2 dxc3 10. Qxg7 Rg8 11. Qxh7 Nbc6 12. f4 Bd7 13. O-O O-O-O 14. Qxf7 Rdf8 15. Qh5 d4 16. Be4 Nf5 17. g3 Be8 18.
Qf3 Rh8 19. Rb1 Rfg8 20. Rd1 Bh5 21. Qf2 Bxe2 22. Qxe2 Nxg3 23. hxg3 Rxg3+ 24. Kf1 Qg7 25. Qf2 Rg8 26. Ke2 Qg4+ 27. Bf3 Qf5 28. Rd3 Nd8 29. Qxd4 Nc6 30. Qd7+ Kb8 31. Qxb7# 1-0

[Event "*** Titled Tuesday Blitz"]
[Site "Chess.com"]
[Date "2020.04.14"]
[Round "6"]
[White "RubensCezila"]
[Black "Generalas"]
[Result "0-1"]
[WhiteElo "2447"]
[BlackElo "2321"]
[TimeControl "180+1"]
[EndTime "11:03:30 PDT"]
[Termination "Generalas won on time"]

1. c4 Nf6 2. Nc3 e6 3. e3 d5 4. b3 c5 5. cxd5 exd5 6. Bb5+ Nc6 7. Nf3 a6 8. Bxc6+ bxc6 9. O-O Bd6 10. Bb2 O-O 11.
Na4 Bg4 12. Rc1 Nd7 13. Ba3 Qe7 14. h3 Bh5 15. d4 cxd4 16. Bxd6 Qxd6 17. Qxd4 Bxf3 18.
gxf3 Ne5 19. Qf4 Qg6+ 20. Qg3 Nxf3+ 21. Kg2 Nh4+ 22. Kh2 Qf6 23. Qf4 Nf5 24. Rc2 Rfe8 25. Rfc1 Re4 26. Rxc6 Rxf4 27. Rc8+ Qd8 28. Rxd8+ Rxd8 29. exf4 d4 30. Nc5 d3 31. Nxd3 g5 32. Nc5 gxf4 33.
Nxa6 Rd2 34. Kg1 Rxa2 35. Nc5 Rb2 36. Rc4 f3 37. Rg4+ Kf8 38. b4 Rb1+ 39. Kh2 Rf1 40. Rf4 Rxf2+ 41. Kg1 Rg2+ 0-1

[Event "*** Titled Tuesday Blitz"]
[Site "Chess.com"]
[Date "2020.04.14"]
[Round "6"]
[White "UmutErdemGunduz"]
[Black "CastleOasisChess"]
[Result "0-1"]
[WhiteElo "2361"]
[BlackElo "2098"]
[TimeControl "180+1"]
[EndTime "11:03:30 PDT"]
[Termination "CastleOasisChess won on time"]

1. Nf3 d5 2. c4 e6 3. b3 f5 4. Bb2 Nf6 5. g3 c6 6. Bg2 Bd6 7. O-O O-O 8. d3 Nbd7 9. Nbd2 Qe7 10. cxd5 exd5 11. Re1 Nc5 12. b4 Ne6 13. e4 fxe4 14. dxe4 Bxb4 15. exd5 cxd5 16. Qb3 Kh8 17. a3 Ba5 18. Rad1 Bb6 19. Re2 Bd7 20. Rde1 Qd6 21. Be5 Qc5 22. Bh3 Nf4 23. Bxf4 Bxh3 24. Be3 Qd6 25.
Nd4 Rae8 26. Bf4 Qd7 27. Be5 Ng4 28. N2f3 Nxe5 29. Nxe5 Rxe5 30. Rxe5 Bxd4 31. R5e2 Bf5 32. Qf3 Qf7 0-1

[Event "*** Titled Tuesday Blitz"]
[Site "Chess.com"]
[Date "2020.04.14"]
[Round "6"]
[White "Charlottemillard17"]
[Black "chiwii"]
[Result "0-1"]
[WhiteElo "1375"]
[BlackElo "2226"]
[TimeControl "180+1"]
[EndTime "11:03:30 PDT"]
[Termination "chiwii won by checkmate"]

1. e4 c5 2. c3 e6 3. d4 cxd4 4. cxd4 d5 5. e5 Nc6 6. f4 Bb4+ 7. Nc3 Nge7 8. Nf3 O-O 9. Be2 Nf5 10. O-O Qb6 11. Na4 Qa5 12. a3 Be7 13. Bd2 Qd8 14. Bc3 Ne3 15. Qd3 Nxf1 16. Rxf1 f5 17. Bd1 a6 18. b4 b5 19. Nb2 Bb7 20. Bc2 Rc8 21.
g4 g6 22. g5 Nb8 23. Nh4 Nd7 24. Qh3 Qc7 25. Rf3 Nb6 26. Ng2 Nc4 27. Nxc4 Qxc4 28.
Qh6 Qa2 29. Rh3 Rf7 30. Nh4 Bf8 31. Nxg6 Bxh6 32. Rxh6 Qxc2 33. Nh4 Qxc3 34. Rxe6 Qxd4+ 35. Kg2 Rc2+ 36. Kg3 Qe3+ 37. Nf3 d4 38. Rd6 Qxf3+ 39. Kh4 Qg4# 0-1

[Event "*** Titled Tuesday Blitz"]
[Site "Chess.com"]
[Date "2020.04.14"]
[Round "6"]
[White "NewBornNow"]
[Black "Msb2"]
[Result "1-0"]
[WhiteElo "2671"]
[BlackElo "2885"]
[TimeControl "180+1"]
[EndTime "11:03:31 PDT"]
[Termination "NewBornNow won by resignation"]

1. e4 e6 2. d3 d5 3. Qe2 Nc6 4. Nf3 e5 5. exd5 Qxd5 6. Nc3 Qa5 7.
Bd2 Bg4 8. Qd1 O-O-O 9. Be2 f5 10. O-O Nf6 11. a3 Qc5 12. b4 Qd6 13. h3 Bh5 14.
Re1 e4 15. Nh4 Bxe2 16. Qxe2 Nd4 17. Qd1 exd3 18. cxd3 g6 19. Rc1 Bg7 20. Be3 Kb8 21. Qa4 Qd7 22. b5 Rhe8 23. Nf3 Nxf3+ 24. gxf3 b6 25.
Bf4 Nh5 26. Rxe8 Rxe8 27. Nd5 Nxf4 28. Rxc7 Re1+ 29. Kh2 Qxc7 30. Nxc7 Be5 31. Na6+ Kb7 32. Qc4 Rc1 33. Qf7+ Kc8 34. Qe8+ Kb7 35. Qxe5 Nxd3 36. Qd5+ 1-0

[Event "*** Titled Tuesday Blitz"]
[Site "Chess.com"]
[Date "2020.04.14"]
[Round "6"]
[White "viditchess"]
[Black "Bykov_Egor"]
[Result "0-1"]
[WhiteElo "2928"]
[BlackElo "2572"]
[TimeControl "180+1"]
[EndTime "11:03:31 PDT"]
[Termination "Bykov_Egor won by resignation"]

1. Nf3 Nf6 2. g3 d5 3. Bg2 c6 4. O-O Bg4 5. d3 Nbd7 6. Qe1 e5 7. e4 dxe4 8. dxe4 Bc5 9. Nbd2 O-O 10. h3 Bh5 11. a4 a5 12. Nc4 Qe7 13. Bd2 b6 14. b3 Bb4 15. Bxb4 axb4 16. Nh4 Bg6 17. Rd1 b5 18. axb5 cxb5 19. Nd6 Ra2 20. Qd2 Nc5 21. Nhf5 Bxf5 22. Nxf5 Qc7 23. Nxg7 Nfxe4 24. Bxe4 Nxe4 25. Qh6 Qe7 26. Nh5 Qg5 27. Qxg5+ Nxg5 28. h4 Nf3+ 29. Kg2 Nd4 30. Rfe1 f6 31. f4 Nxc2 32. Re2 Ne3+ 33. Kf3 Rxe2 34. Rd7 Re1 0-1

[Event "*** Titled Tuesday Blitz"]
[Site "Chess.com"]
[Date "2020.04.14"]
[Round "6"]
[White "ZiggyStardust64"]
[Black "axvesik"]
[Result "1/2-1/2"]
[WhiteElo "2597"]
[BlackElo "2451"]
[TimeControl "180+1"]
[EndTime "11:03:31 PDT"]
[Termination "Game drawn by repetition"]

1. d4 e6 2. c4 Nf6 3. Nc3 Bb4 4. Qc2 O-O 5. e4 d5 6. e5 Ne4 7. Bd3 c5 8. Ne2 cxd4 9. Nxd4 Nd7 10. Bf4 Ndc5 11.
O-O Bxc3 12. bxc3 Bd7 13. Be2 Na4 14. cxd5 exd5 15. c4 Rc8 16. Bd3 g6 17. Bxe4 dxe4 18. e6 fxe6 19. Bd6 Rf7 20. Rad1 Qb6 21. Be5 Qc5 22.
Qxe4 Nc3 23. Qe3 Nxd1 24. Rxd1 Qxc4 25. h4 Ba4 26. Re1 Qc3 27. Qe4 Bc2 28. Qe2 Bd3 29. Qe3 Ba6 30. Qe4 Qd2 31. Nf3 Qd5 32. Qg4 Rc4 33. Qg5 Rf5 34. Qe7 Rf7 35. Qe8+ Rf8 36. Qe7 Rf7 37. Qe8+ Rf8 38. Qe7 Rf7 1/2-1/2

[Event "*** Titled Tuesday Blitz"]
[Site "Chess.com"]
[Date "2020.04.14"]
[Round "6"]
[White "wannabe2700"]
[Black "GMJustin"]
[Result "0-1"]
[WhiteElo "2635"]
[BlackElo "2507"]
[TimeControl "180+1"]
[EndTime "11:03:31 PDT"]
[Termination "GMJustin won by resignation"]

1. b3 Nc6 2. Bb2 e5 3. e3 d5 4. Bb5 Bd6 5. f4 Qh4+ 6. g3 Qe7 7. Nf3 f6 8. fxe5 fxe5 9. Bxc6+ bxc6 10. Nxe5 Nf6 11.
d4 Bxe5 12. dxe5 Ng4 13. Qd4 O-O 14. h3 c5 15. Qxd5+ Be6 16. Qg2 Nf2 17. Rh2 Qg5 18.
Ke2 Bg4+ 19. hxg4 Qxg4+ 20. Kd2 Rad8+ 21. Bd4 cxd4 22. Kc1 dxe3 23. Nc3 e2 24. Kb2 Nd1+ 25. Nxd1 exd1=Q 26. Rxd1 Rxd1 27. Qc6 Qd4+ 28. c3 Qxe5 29. Qc4+ Qd5 30. Qh4 Rd2+ 31. Ka3 Rxh2 32. Qxh2 Qc5+ 33. Kb2 Rf2+ 34. Qxf2 Qxf2+ 0-1

[Event "*** Titled Tuesday Blitz"]
[Site "Chess.com"]
[Date "2020.04.14"]
[Round "6"]
[White "CyberneticLion"]
[Black "MosheFriedland"]
[Result "0-1"]
[WhiteElo "2477"]
[BlackElo "2417"]
[TimeControl "180+1"]
[EndTime "11:03:31 PDT"]
[Termination "MosheFriedland won by resignation"]

1. e4 c5 2. c3 g6 3. d4 cxd4 4. cxd4 d5 5. exd5 Nf6 6. Nc3 Nxd5 7. Bc4 Nb6 8. Bb3 Bg7 9. Nf3 O-O 10. h3 Nc6 11.
Be3 Na5 12. Bc2 Nac4 13. b3 Nxe3 14. fxe3 Qc7 15. Ne2 Nd5 16. Qd2 Bh6 17. Nf4 Nxf4 18. exf4 Bxf4 19. Qd1 Qc3+ 20. Kf1 Bd7 21. Bd3 Bc6 22. Be2 Rad8 23. Qe1 Qe3 24. Rd1 Be4 25. Qf2 Qc3 26. h4 Bc2 27. Re1 Be3 28. Qg3 Bd2 29.
Rd1 Bxd1 30. Bxd1 Qd3+ 31. Kg1 Be3+ 32. Kh2 Bxd4 33. h5 Rd5 34. Ne1 Qxg3+ 35. Kxg3 Be5+ 0-1

[Event "*** Titled Tuesday Blitz"]
[Site "Chess.com"]
[Date "2020.04.14"]
[Round "6"]
[White "TranJMinh"]
[Black "SCIM"]
[Result "1-0"]
[WhiteElo "2781"]
[BlackElo "2596"]
[TimeControl "180+1"]
[EndTime "11:03:32 PDT"]
[Termination "TranJMinh won by resignation"]

1. d4 Nf6 2. c4 g6 3. Nc3 d5 4. Bg5 Bg7 5. Bxf6 Bxf6 6. cxd5 c6 7.
e4 Bg7 8. Rc1 O-O 9. Bc4 Qb6 10.
Nge2 Qxb2 11. O-O Qb4 12. Qd3 Qa5 13. Bb3 Rd8 14. Qf3 Rf8 15. h3 Qd8 16. Rfd1 cxd5 17. Nxd5 e6 18. Nc7 Nc6 19. Nxa8 Bd7 20. Nc7 a6 21. d5 Ne5 22. Qe3 exd5 23. Nxd5 Bb5 24. Ndc3 Qe7 25. Nxb5 axb5 26. f4 Nc6 27. e5 g5 28.
fxg5 Nxe5 29. Kh1 Kh8 30. Ng3 f5 31. gxf6 Rxf6 32. Rc8+ Bf8 33. Rf1 Rxf1+ 34. Nxf1 Qf6 35. Rxf8+ Qxf8 36. Qxe5+ Qg7 37. Qe8+ 1-0

[Event "*** Titled Tuesday Blitz"]
[Site "Chess.com"]
[Date "2020.04.14"]
[Round "6"]
[White "lestri"]
[Black "KoustavChatterjee1"]
[Result "0-1"]
[WhiteElo "2546"]
[BlackElo "2723"]
[TimeControl "180+1"]
[EndTime "11:03:32 PDT"]
[Termination "KoustavChatterjee1 won by resignation"]

1. c4 e5 2. Nc3 Bb4 3. Qc2 Nf6 4. Nf3 Nc6 5. e3 O-O 6. Nd5 Be7 7. a3 a5 8. b3 e4 9. Nxe7+ Qxe7 10. Ng1 d5 11. cxd5 Nxd5 12. Bb2 Nb6 13. Ne2 Bg4 14. Ng3 Rfe8 15.
Qxe4 Qg5 16. h4 Qg6 17. Qxg6 hxg6 18. h5 gxh5 19. Nxh5 f6 20. Nf4 Ne5 21. d4 Nf7 22. Rc1 c6 23. Bd3 Ng5 24. Kd2 Ne6 25. Nh5 Ng5 26. Bg6 Red8 27. Nf4 Ne6 28. Nd3 Nf8 29. Be4 Nfd7 30. Bg6 Be6 31. Kc2 Rac8 32. Rh5 a4 33. Rch1 Bxb3+ 34. Kb1 Kf8 35. Rh7 Bg8 36. Rh8 Ke7 37.
Be4 Bd5 38. Bf5 Rxh8 0-1

[Event "*** Titled Tuesday Blitz"]
[Site "Chess.com"]
[Date "2020.04.14"]
[Round "6"]
[White "eljanov"]
[Black "Schandenfreude"]
[Result "1-0"]
[WhiteElo "2804"]
[BlackElo "2489"]
[TimeControl "180+1"]
[EndTime "11:03:32 PDT"]
[Termination "eljanov won on time"]

1. Nf3 Nf6 2. c4 e6 3. g3 d5 4. Bg2 Be7 5. O-O O-O 6. d4 c6 7. Qc2 b6 8. Nbd2 Bb7 9. Rd1 Na6 10. a3 Rc8 11. b4 c5 12. dxc5 bxc5 13. b5 Nc7 14. a4 d4 15. Ne5 Bxg2 16. Kxg2 a6 17.
b6 Nce8 18. a5 Nd7 19. Ndf3 Nxe5 20. Nxe5 Bf6 21. Nf3 Nd6 22. Bf4 Nb7 23. Qe4 Qd7 24. e3 Qc6 25. Qxc6 Rxc6 26. Be5 dxe3 27. Rd7 Nxa5 28. Rxa5 Rxb6 29. fxe3 Bxe5 30. Nxe5 Rb2+ 31. Kf3 Rxh2 32. Rxc5 h5 33. Rcc7 h4 34. gxh4 Rxh4 35. c5 Rh5 36. Nc6 Rh3+ 37. Ke2 Rh2+ 38. Kd3 a5 39.
Nxa5 Rh5 40. Nc6 Ra8 41. Rd8+ Rxd8+ 42. Nxd8 Kh7 43. Nxf7 Rf5 44. c6 1-0

[Event "*** Titled Tuesday Blitz"]
[Site "Chess.com"]
[Date "2020.04.14"]
[Round "6"]
[White "FROGGY64"]
[Black "MatthewG-p4p"]
[Result "0-1"]
[WhiteElo "2366"]
[BlackElo "2743"]
[TimeControl "180+1"]
[EndTime "11:03:32 PDT"]
[Termination "MatthewG-p4p won by checkmate"]

1. d4 Nf6 2. c4 c5 3. d5 e6 4. Nc3 exd5 5. cxd5 d6 6. e4 g6 7.
Nge2 Bg7 8. Ng3 h5 9. Be2 Qe7 10. f3 h4 11. Nf1 Nh5 12. Be3 f5 13. Nd2 Nd7 14. Nc4 a6 15. a4 Ne5 16. Nxe5 Bxe5 17.
Qd2 Bd7 18. Bg5 Qg7 19. O-O h3 20. g3 O-O 21. exf5 gxf5 22. Bh6 Qg6 23. Bd3 Rf7 24.
Kh1 Rh7 25. Bg5 Kh8 26. f4 Bd4 27. Ne2 Bg7 28. Ng1 Qf7 29. Be2 Nf6 30. Bf3 Ne4 31. Bxe4 fxe4 32. Rad1 Bxa4 33. Ra1 Bb3 34. f5 Bxd5 35. Qf4 Be5 36. Qg4 Rg8 37. Rad1 Bd4 38.
Ne2 Rh5 39. Nxd4 cxd4 40. Rxd4 Rgxg5 41. Qd1 Rxf5 42. Rxf5 Rxf5 43. Kg1 Bc4 44. Rxc4 Qxc4 45. g4 Qc5+ 46. Kh1 Qf2 47. gxf5 Qg2# 0-1